 Dungeon Crawl Stone Soup version 0.30.0-5-g1a98f26d00 (webtiles) character file.

Game seed: 11806356802743668621

68 GigaChad the Shield-Bearer (level 4, -9/37 HPs)
             Began as a Formicid Fighter on May 13, 2023.
             Mangled by a kobold brigand
             ... wielding a +0 war axe
              (14 damage)
             ... on level 3 of the Dungeon.
             The game lasted 00:02:52 (1681 turns).

GigaChad the Shield-Bearer (Formicid Fighter)       Turns: 1681, Time: 00:02:54

Health: -9/37      AC: 10    Str: 23    XL:     4   Next: 41%
Magic:  4/4        EV:  8    Int:  7    God:
Gold:   36         SH:  5    Dex: 13    Spells: 3/3 levels left

rFire   . . .        a - +0 war axe
rCold   . . .        c - +0 buckler
rNeg    . . .        m - +1 chain mail
rPois   .            (helmet unavailable)
rElec   .            (no cloak)
rCorr   .            (no gloves)
SInv    +            (no boots)
Will    .....        (no amulet) Stlth
                     (no ring)
HPRegen 0.26/turn    (no ring)
MPRegen 0.09/turn

%: no passive effects
@: no status effects
A: permanent stasis, dig shafts and tunnels, antennae 3, four strong arms
a: Dig, Shaft Self


You were on level 3 of the Dungeon.
You visited 1 branch of the dungeon, and saw 3 of its levels.

You collected 36 gold pieces.

Inventory:

Hand Weapons
 a - a +0 war axe (weapon)
Armour
 b - a +0 scale mail
 c - a +0 buckler (worn)
 m - a +1 chain mail (worn)
Scrolls
 k - a scroll of vulnerability
Potions
 d - a potion of might
 f - a potion of ambrosia {unknown}
 h - a potion of magic {unknown}
 i - a potion of brilliance {unknown}


   Skills:
 * Level 3.9 Fighting
 * Level 3.0 Axes
 * Level 3.9 Armour
 * Level 4.4 Shields


You had 3 spell levels left.
You didn't know any spells.
Your spell library contained the following spells:

 Spells                   Type           Power      Damage    Failure   Level
 Slow                     Hex            0%         N/A       97%         1
 Cigotuvi's Dreadful Rot  Necr/Pois/Air  0%         N/A       99%         2
 Confusing Touch          Hex            0%         N/A       100%        3
 Vampiric Draining        Necr           0%         2d6       100%        3
 Dispel Undead            Necr           0%         3d6       100%        4
 Arcjolt                  Conj/Air       0%         1d10      100%        5
 Death Channel            Necr           0%         N/A       100%        6
 Plasma Beam              Fire/Air       0%         2x1d11    100%        6
 Vhi's Electric Charge    Tloc/Air       Unusable   N/A       N/A         3

Dungeon Overview and Level Annotations

Branches:
Dungeon (3/15)

Altars:
Cheibriados
Zin

Shops:
D:1 (   D:3 [


Innate Abilities, Weirdness & Mutations

You cannot be hasted, slowed, berserked, paralysed or teleported.
You can dig through walls and to a lower floor.
You have a pair of large antennae on your head. (SInv)
Your four strong arms can wield two-handed weapons with a shield.


Message History

You kill the hobgoblin!
A kobold brigand comes into view.
It is wielding a +0 war axe and quivering poisoned darts.
Your Axes skill increases to level 3!
The kobold brigand shouts!
You hit the hobgoblin but do no damage. You block the hobgoblin's attack.
You hit the hobgoblin.
The hobgoblin is moderately wounded.
The kobold brigand throws a poisoned dart.
The poisoned dart hits you!
You are poisoned.
The hobgoblin hits you with a +0 club.
You hit the hobgoblin.
The hobgoblin is almost dead.
You feel very sick. The hobgoblin hits you with a +0 club.
The hobgoblin completely misses you.
You closely miss the hobgoblin.
The hobgoblin is almost dead.
You feel sick.
The hobgoblin hits you but does no damage.
You slash the hobgoblin!
You kill the hobgoblin!
You feel sick.
You feel sick.
The kobold brigand drinks a potion.
The kobold brigand seems to grow stronger.
You feel sick.
The kobold brigand hits you with a +0 war axe!
* * * LOW HITPOINT WARNING * * *
You are too injured to fight recklessly!
You are too injured to fight recklessly!
You are too injured to fight recklessly!
You are too injured to fight recklessly!
You feel sick. The kobold brigand closely misses you.
You hit the kobold brigand.
The kobold brigand is lightly wounded.
You feel sick.
You are no longer poisoned.
The kobold brigand hits you with a +0 war axe.
* * * LOW HITPOINT WARNING * * *
The kobold brigand hits you with a +0 war axe!
You die...

.#######**,,...#####.#
........,,,***...#...#
.#######**** **#.#..## ##***
#....# ,,,,****** ##.#.####
,{,,,,,,,* #..?....#
****{,,,,* #.)#.##.#
~~~*****,#######....##.#**
~~~~~~,,,.....)K@.......,*
~~~~~*,**####.......##.#,*
~~~,**,* #.##.#.##*,#,*
,,,,,*,*****#.*#.#.# *,*,*
,,,,,,,,,,,,.,*#.#.# *,,,*
***,,*,****#***#.#.# *,,**
*,,,,,*******#.#,* *,,*
*,,,,,,,,,,,,..#,***,,****
***,*,,,********,,,,**,,,,,*


You could see a kobold brigand (strong).

Vanquished Creatures
  An adder (D:2)
  A dart slug (D:2)
  5 orcs (D:3)
  2 endoplasms
  3 giant cockroaches
  7 goblins
  5 hobgoblins
  A jackal (D:1)
  2 kobolds (D:2)
  2 quokkas (D:1)
  4 ball pythons (D:1)
  8 bats
  3 frilled lizards
  7 rats
51 creatures vanquished.

Notes
Turn   | Place    | Note
-------+----------+-------------------------------------------
     0 | D:1      | GigaChad the Formicid Fighter began the quest for the Orb.
     0 | D:1      | Reached XP level 1. HP: 18/18 MP: 1/1
   114 | D:1      | Reached XP level 2. HP: 20/24 MP: 2/2
   311 | D:1      | Found Voaqoharph's Antique Weapon Shop.
   693 | D:2      | Reached XP level 3. HP: 30/30 MP: 3/3
   984 | D:2      | Found a faded altar of an unknown god.
  1252 | D:2      | Reached XP level 4. HP: 37/37 MP: 4/4
  1382 | D:3      | Found a glowing silver altar of Zin.
  1382 | D:3      | Found a snail-covered altar of Cheibriados.
  1488 | D:3      | Found Bann's Antique Armour Shop.
  1672 | D:3      | Noticed a kobold brigand
  1681 | D:3      | Mangled by a kobold brigand

Illustrated notes

Levels and vault maps discovered:
D:1:      dpeg_arrival_renting, layout_basic, serial_shops,
          nicolae_shop_overgrown_old_shop, minmay_distorted
D:2:      layout_basic, shapermc_ecumenical_altar_totnotflames
D:3:      cheibrodos_thug_alley, layout_loops_ring,
          palyth_temple_overflow_mages,
          chequers_temple_overflow_statue_of_worship, serial_shops, shop

Skill      XL: |  1  2  3  4 |
---------------+-------------+-----
Axes           | 3 |  3.0
Fighting       | |  3.9
Armour         | |  3.9
Shields        | |  4.4

Action                     |  1- 3 |  4- 6 || total
---------------------------+-------+-------++-------
  Melee: War axe           |    90 |    41 ||   131
    Use: Scroll            |       |     4 ||     4
 Armour: Scale mail        |    58 |    10 ||    68
         Chain mail        |       |     2 ||     2
  Dodge: Dodged            |    44 |    20 ||    64
  Block: Buckler           |    23 |    11 ||    34
